Map: Overgrown Facility

Players

tNoMercy

  • Race: Protoss Protoss
  • League: Master
  • Spawn Location: 9:00

Sagan

  • Race: Protoss Protoss
  • League: Master
  • Spawn Location: 7:00

PureLegacy - Winner!

  • Race: Terran Terran
  • Spawn Location: 3:00

Starlight - Winner!

  • Race: Zerg Zerg
  • Spawn Location: 1:00

VOD

Have the link to the VOD?

Description

Time

  • Played on: Nov. 27, 2018, 3:42 p.m.
  • Length: 12:02
Show
View Real Time Build Order
Export as new Build Order

tNoMercy Protoss 

Build Orders:  

Get SALT Encoding   

  12  0:01  Probe  
  13  0:13  Probe  
  14  0:19  Pylon  
  14  0:24  Probe  
  15  0:33  Probe  
  15  0:40  Gateway  
  15  0:41  Probe  
  16  0:47  Assimilator  
  17  0:51  Probe  
  18  1:02  Gateway  
  18  1:04  Probe  
  19  1:16  Probe  
  20  1:27  Cybernetics Core  
  20  1:32  Pylon  
  20  1:33  Assimilator  
  20  1:35  Probe  
  21  1:47  Probe  
  22  1:55  Adept x2  
  22  1:59  Probe  
  27  2:10  Pylon  
  27  2:13  Gateway  
  27  2:21  Adept x2  
  31  2:32  Shield Battery  
  31  2:39  Warp Gate  
  31  2:44  Shield Battery  
  31  3:06  Adept, Stalker  
  35  3:14  Probe  
  34  3:29  Probe  
  34  3:32  Pylon  
  35  3:54  Probe  
  36  3:58  Nexus  
  36  4:03  Adept x2  
  36  4:25  Probe  
  37  4:31  Twilight Council  
  37  4:45  Probe  
  37  4:57  Probe  
  35  5:08  Probe  
  35  5:10  Probe  
  34  5:17  Probe  
  34  5:20  Resonating Glaives  
  35  5:22  Probe  
  35  5:25  Probe  
  36  5:30  Adept  
  36  5:31  Adept x2  
  36  5:34  Probe  
  36  5:35  Dark Shrine  
  44  5:36  Probe  
  45  5:46  Probe  
  45  5:48  Probe  
  47  5:59  Probe  
  47  6:00  Probe  
  49  6:11  Probe  
  50  6:12  Probe  
  50  6:16  Adept x3  
  57  6:21  Stargate  
  57  6:23  Assimilator, Probe, Stargate  
  58  6:29  Assimilator  
  58  6:30  Probe  
  59  6:35  Probe  
  60  6:41  Pylon  
  60  6:42  Probe  
  60  6:45  Pylon  
  61  6:48  Probe  
  61  6:53  Pylon  
  61  6:54  Pylon  
  62  6:55  Pylon  
  62  6:59  Probe  
  63  7:04  Pylon x2  
  63  7:06  Phoenix  
  63  7:07  Phoenix  
  67  7:20  Probe x2  
  69  7:26  Phoenix x2  
  69  7:28  Forge  
  69  7:32  Dark Templar  
  75  7:42  Dark Templar  
  77  7:46  Phoenix x2  
  77  7:50  Probe x2  
Show
View Real Time Build Order
Export as new Build Order

Sagan Protoss 

Build Orders: Mass Adepts 

Get SALT Encoding   

  12  0:00  Probe  
  13  0:13  Probe  
  14  0:18  Pylon  
  14  0:25  Probe  
  15  0:35  Probe  
  15  0:41  Gateway  
  16  0:43  Probe  
  16  0:48  Assimilator  
  17  0:51  Probe  
  18  0:57  Assimilator  
  18  1:03  Probe  
  19  1:15  Probe  
  20  1:20  Gateway  
  20  1:27  Probe  
  20  1:30  Cybernetics Core  
  21  1:39  Probe  
  22  1:42  Pylon  
  22  1:51  Probe  
  23  1:58  Adept x2  
  27  2:12  Shield Battery  
  26  2:19  Gateway  
  26  2:21  Pylon  
  26  2:28  Adept  
  28  2:31  Warp Gate  
  28  2:39  Adept  
  30  2:56  Shield Battery  
  30  3:03  Robotics Facility  
  30  3:06  Adept  
  30  3:14  Adept  
  30  3:19  Adept  
  30  3:33  Adept  
  32  3:41  Adept  
  32  3:46  Adept  
  34  3:56  Warp Prism  
  34  4:00  Adept  
  38  4:05  Pylon  
  38  4:10  Pylon  
  38  4:33  Adept x2  
  38  4:35  Adept  
  44  5:04  Adept x3  
  50  5:18  Robotics Bay  
  50  5:32  Probe  
  49  5:36  Nexus  
  47  5:53  Pylon  
  43  6:00  Disruptor  
  43  6:01  Adept x3  
  50  6:15  Probe  
  49  6:31  Probe  
  50  6:35  Disruptor  
  45  6:41  Robotics Facility  
  45  6:44  Probe  
  46  6:48  Probe  
  47  6:56  Probe  
  47  7:00  Probe  
  49  7:10  Probe x2  
  49  7:11  Disruptor  
  54  7:18  Probe  
  54  7:22  Adept x2  
  59  7:30  Disruptor  
  59  7:33  Probe x2  
  64  7:45  Probe x2  
  64  7:47  Adept x3  
  72  7:57  Probe, Pylon  
  72  7:58  Pylon  
  73  8:04  Disruptor  
  76  8:17  Stalker x3  
  82  8:28  Disruptor  
  85  8:40  Stalker x2  
  89  8:49  Assimilator  
  89  8:53  Assimilator  
  89  9:07  Stalker x2  
  69  10:03  Pylon  
  69  10:04  Pylon  
  69  10:05  Pylon  
  65  10:26  Nexus  
  65  10:30  Disruptor  
  65  10:31  Disruptor  
  71  10:48  Stalker  
  71  10:49  Stalker  
  52  10:59  Disruptor  
  44  11:05  Disruptor  
  48  11:15  Stalker x2  
Show
View Real Time Build Order
Export as new Build Order

PureLegacy Terran - Winner!

Build Orders:  

Get SALT Encoding   

  12  0:09  Supply Depot  
  12  0:32  Barracks  
  12  0:37  Barracks  
  12  0:38  Barracks  
  12  0:39  Barracks  
  12  0:48  Barracks  
  12  1:09  Refinery  
  12  1:19  Reaper  
  12  1:24  Reaper  
  14  1:26  Reaper  
  14  1:29  Reaper  
  16  1:35  Reaper  
  16  1:38  Refinery  
  17  1:45  SCV  
  18  1:51  Reaper  
  19  1:56  Reaper  
  19  1:58  Reaper  
  21  2:09  Reaper x2  
  23  2:22  Orbital Command  
  23  2:26  Supply Depot  
  23  2:41  Engineering Bay  
  23  2:48  Reaper x3  
  26  2:52  Reaper  
  26  2:53  Reaper  
  28  3:10  Terran Infantry Weapons Level 1  
  25  3:20  Reaper  
  30  3:30  Supply Depot  
  30  3:36  Missile Turret  
  26  3:51  SCV  
  22  3:55  Barracks Tech Lab  
  22  3:58  Barracks Tech Lab  
  22  3:59  Barracks Reactor x3  
  22  4:00  Factory  
  22  4:03  SCV  
  23  4:15  SCV  
  24  4:18  Marauder x2  
  24  4:19  Stimpack, Concussive Shells  
  28  4:28  SCV  
  29  4:32  Command Center  
  29  4:35  Marine x5  
  34  4:39  Supply Depot  
  34  4:40  SCV  
  34  4:43  Marauder  
  34  4:44  Marine  
  38  4:49  Starport  
  38  4:50  Factory Reactor  
  38  4:52  Supply Depot  
  36  5:10  Marauder x2  
  36  5:11  Marine x4  
  36  5:12  Marine  
  36  5:14  Combat Shield  
  43  5:22  Terran Infantry Armor Level 1  
  43  5:24  SCV  
  44  5:33  Supply Depot  
  44  5:41  Medivac x2  
  47  5:48  SCV  
  46  5:56  Marine x4, Marauder x2  
  48  6:09  SCV  
  49  6:16  Marine x3  
  49  6:17  Marine x3  
  55  6:27  Marine x2  
  56  6:34  Marine  
  56  6:39  Orbital Command  
  57  6:40  SCV  
  58  6:49  Marine x4  
  62  6:59  Medivac x2  
  62  7:00  Supply Depot  
  67  7:01  SCV  
  67  7:04  SCV  
  68  7:12  Supply Depot  
  67  7:17  Marine x3  
  70  7:30  Supply Depot  
  70  7:31  Supply Depot  
  70  7:33  Marine x5  
  74  7:49  Marine x2  
  74  7:50  Marine  
  74  7:51  Marine  
  74  7:57  Medivac x2  
  79  7:58  SCV  
  79  7:59  SCV  
  81  8:21  SCV x2  
  83  8:27  Medivac  
  80  8:44  Marine  
  80  8:45  Marine x2  
  81  8:51  Marine x2  
  81  8:52  SCV  
  81  8:53  SCV  
  74  9:08  Marine x3, SCV x2  
  79  9:15  Marauder x2  
  81  9:19  Marine x2  
  83  9:27  Marine x3  
  84  9:32  Marine  
  85  9:41  Marine x3  
  81  10:05  Marine x4  
  81  10:07  SCV x2  
  76  10:31  Marine x3  
  76  10:32  Marauder  
  76  10:34  Medivac  
  76  10:35  Medivac  
  82  11:01  Marine x5  
  82  11:02  Marauder  
  89  11:19  SCV x2  
  89  11:20  Missile Turret  
Show
View Real Time Build Order
Export as new Build Order

Starlight Zerg - Winner!

Build Orders:  

Get SALT Encoding   

  12  0:07  Extractor  
  11  0:33  Extractor  
  10  0:52  Drone  
  11  0:58  Drone  
  11  1:03  Drone  
  13  1:13  Drone  
  14  2:00  Overlord  
  14  2:27  Drone  
  15  2:32  Drone  
  16  3:03  Drone  
  16  3:04  Drone x2  
  19  3:31  Drone x2  
  14  6:37  Overlord  
  14  7:29  Drone  
  15  7:30  Drone  
  16  8:00  Drone x2  
Tags
 
Add a new tag
Caveats
  • Supply blocks, unpowered buildings, or Contaminate may cause inaccurate times.
  • Supply counts are checked every 10 seconds.